 Dungeon Crawl Stone Soup version 0.17-a0-1479-g4041c36 (webtiles) character file.

43 Gorice the Grave Robber (level 3, 0/33 HPs)
             Began as a Tengu Wanderer on July 3, 2015.
             Succumbed to an adder's poison
             ... on level 2 of the Dungeon.
             The game lasted 00:10:21 (1267 turns).

Gorice the Grave Robber (Tengu Wanderer)            Turns: 1267, Time: 00:10:22

Health: 0/33       AC: 21    Str: 15    XL:     3   Next: 58%
Magic:  3/7        EV:  2    Int: 11    God:
Gold:   124        SH:  0    Dex: 12    Spells: 1 memorised, 5 levels left

rFire  . . .     SeeInvis .     a - +0 whip (drain)
rCold  . . .     Clarity  .     (armour currently unavailable)
rNeg   + + +     SustAt   .     (no shield)
rPois  +         Gourm    .     (helmet currently unavailable)
rElec  .         Spirit   .     (cloak currently unavailable)
rCorr  .         Warding  .     (gloves currently unavailable)
rMut   .         NoTele   +     (boots unavailable)
MR     .....                    (no amulet)
Stlth  ++........               (no ring)
                                (no ring)

@: lethally poisoned (0 -> -2), tree-form, very slightly contaminated, not
resistant to hostile enchantments, unstealthy
A: (beak), (talons 0)
a: no special abilities


You were on level 2 of the Dungeon.
You were not hungry.
You were a tree.
You visited 1 branch of the dungeon, and saw 2 of its levels.

You collected 124 gold pieces.

Inventory:

Hand weapons
 a - a +0 whip of draining (weapon)
   (You found it on level 1 of the Dungeon)
 b - a +0 blowgun
Missiles
 c - 3 poisoned needles
 p - 13 sling bullets
 Z - 34 stones (quivered)
Armour
 e - a +0 robe (melded)
 g - a +0 pair of gloves (melded)
 k - a +0 ring mail
 n - a +0 leather armour
Scrolls
 j - a scroll of identify
Books
 d - Olgreb's Collected Works on Toxins

   Spells                             Type                      Level
   a - Sting                          Conjuration/Poison           1
   b - Ignite Poison                  Fire/Transmutation/Poison    3
 h - a book of Minor Magic
Comestibles
 f - 3 bread rations {!e}
 l - a beef jerky
 m - a chunk of flesh


   Skills:
 + Level 2.7 Fighting
 - Level 1.1 Throwing
 - Level 1.1 Armour
 - Level 1.0 Stealth
 + Level 2.3 Spellcasting
 * Level 2.6 Conjurations
   Level 3.2 Necromancy


You had 5 spell levels left.
You knew the following spells:

 Your Spells              Type           Power        Failure   Level  Hunger
a - Sting                 Conj/Pois      #...         21%         1    ##.....


Dungeon Overview and Level Annotations

Branches:
Dungeon (2/15)

Altars:
Dithmenos
Yredelemnul


Innate Abilities, Weirdness & Mutations

((You have a beak for a mouth.))
((You have claws for feet.))


Message History

You kill the adder!
Unknown command.
Firing (i - inventory. (,) - cycle):
c - 4 poisoned needles (quivered)
Press: ? - help, Shift-Dir - straight line, f - hobgoblin
Aim: a hobgoblin (lightly wounded)
You shoot a poisoned needle. The poisoned needle hits the hobgoblin.
The hobgoblin is poisoned.
The hobgoblin is lightly wounded.
The hobgoblin hits you but does no damage.
You sense an unholy aura.
a - a +0 whip of draining (weapon)
The hobgoblin hits you but does no damage.
You hit the hobgoblin. You drain the hobgoblin!
You kill the hobgoblin!
* * * LOW HITPOINT WARNING * * *
You feel sick.
Damage: 1 (max 5)
You cannot move.
There is a lethal amount of poison in your body!
There is a lethal amount of poison in your body!
You aren't carrying any potions.
You cannot move.
There is a lethal amount of poison in your body!
There is a lethal amount of poison in your body!
There is a lethal amount of poison in your body!
There is a lethal amount of poison in your body!
There is a lethal amount of poison in your body!
There is a lethal amount of poison in your body!
There is a lethal amount of poison in your body!
There is a lethal amount of poison in your body!
There is a lethal amount of poison in your body!
There is a lethal amount of poison in your body!
There is a lethal amount of poison in your body!
There is a lethal amount of poison in your body!
There is a lethal amount of poison in your body!
There is a lethal amount of poison in your body!
There is a lethal amount of poison in your body!
There is a lethal amount of poison in your body!
There is a lethal amount of poison in your body!
There is a lethal amount of poison in your body!
There is a lethal amount of poison in your body!
There is a lethal amount of poison in your body!
There is a lethal amount of poison in your body!
There is a lethal amount of poison in your body!
* * * LOW HITPOINT WARNING * * *
You feel sick.
* * * LOW HITPOINT WARNING * * *
You feel sick.
Damage: 1 (max 5)
You die...

########### ####
#.........# ..?
#.#######.####.###
#♣# #............$
#(# #.g##.####.###
#.# #..##.# .#
#.###..##.# .#
#...g..##.# g.
#.......#.# .#
#.#####.#.# .. #.#
#.#.# .# #.# #.#.#


There were no monsters in sight!

Vanquished Creatures
  An adder (D:2)
  2 worms (D:2)
  A giant gecko (D:1)
  2 goblins (D:1)
  8 hobgoblins
  3 bats (D:1)
  3 giant newts
  3 kobolds (D:1)
  4 rats
27 creatures vanquished.

Notes
Turn   | Place    | Note
--------------------------------------------------------------
     0 | D:1      | Gorice the Tengu Wanderer began the quest for the Orb.
     0 | D:1      | Gorice set off with: a book of Minor Magic, Olgreb's Collected Works on Toxins, 12 poisoned needles, a +0 blowgun, a +0 robe, a bread ration {!e}
     0 | D:1      | Reached XP level 1. HP: 12/12 MP: 4/4
     0 | D:1      | Identified Olgreb's Collected Works on Toxins
     2 | D:1      | Learned a level 1 spell: Sting
   230 | D:1      | Reached skill level 1 in Conjurations
   266 | D:1      | Reached XP level 2. HP: 12/17 MP: 4/6
   275 | D:1      | HP: 3/17 [kobold/short sword (6)]
   659 | D:1      | Reached skill level 2 in Conjurations
   898 | D:2      | Found a basalt altar of Yredelemnul.
   996 | D:2      | Reached XP level 3. HP: 22/22 MP: 1/7
  1026 | D:2      | Found a shadowy altar of Dithmenos.
  1253 | D:2      | HP: 3/22 [adder (4)]
  1260 | D:2      | HP: 2/33 [poisoned by an adder]
  1267 | D:2      | Succumbed to an adder's poison

Vault maps used:
D:1:      lemuel_arrival_lava_pool
D:2:      nicolae_dithmenos_through_a_glass_darkly, overflow_temple_1_default

Action                   || total
-------------------------++-------
Melee: Whip              ||    21
 Fire: Blowgun           ||    45
 Cast: Sting             ||    39
  Use: Scroll            ||     1
       Potion            ||     2
 Stab: Sleeping          ||     6
  Eat: Chunk             ||     2

Table legend:
 A = Turns spent in this place as a percentage of turns spent in the entire game.
 B = Non-inter-level travel turns spent in this place as a percentage of non-inter-level travel turns spent in the entire game.
 C = Inter-level travel turns spent in this place as a percentage of turns spent in this place.
 D = Turns resting spent in this place as a percentage of non-inter-level travel turns spent in this place.
 E = Turns spent auto-exploring this place as a percentage of non-inter-level travel turns spent in this place.
 F = Non-inter-level travel turns spent in this place divided by the number of levels of this place that you've seen.
                   A       B       C       D       E      F
               +-------+-------+-------+-------+-------+----------------------
         Total | 100.0 | 100.0 |   0.1 |   2.7 |   2.1 | 355.0
       Dungeon | 100.0 | 100.0 |   0.1 |   2.7 |   2.1 | 355.0
               +-------+-------+-------+-------+-------+----------------------

Vault maps used:
D:1:      lemuel_arrival_lava_pool
D:2:      nicolae_dithmenos_through_a_glass_darkly, overflow_temple_1_default
